 Dungeon Sprint DCSS version 0.29.1-15-g9cfb28693d (webtiles) character file.

Game seed: 132753940892751482

159 Groucho the Covert (level 5, 0/28 HPs)
             Began as a Spriggan Fighter on Mar 18, 2023.
             Succumbed to an adder's poison
             ... in the Dungeon (Sprint IX: "|||||||||||||||||||||||||||||").
             The game lasted 00:01:01 (389 turns).

Groucho the Covert (Spriggan Fighter)                Turns: 389, Time: 00:01:02

Health: 0/28       AC:  2    Str: 12    XL:     5   Next: 17%
Magic:  4/9        EV: 19    Int: 10    God:
Gold:   0          SH:  7    Dex: 16    Spells: 4/4 levels left

rFire   . . .      SeeInvis +   a - +0 rapier
rCold   . . .      Faith    .   c - +0 buckler
rNeg    . . .      Spirit   .   b - +0 robe
rPois   .          Reflect  .   (helmet restricted)
rElec   .          Harm     .   (no cloak)
rCorr   .          Rampage  .   (gloves unavailable)
Will    .....      NoTele   +   (boots unavailable)
Stlth   ++++......              (no amulet)
HPRegen 0.09/turn               (no ring)
MPRegen 0.11/turn               (no ring)

@: lethally poisoned (0 -> -7), on berserk cooldown, hasted and slowed, very
quick
A: very small, no large weapons, unfitting armour, see invisible, speed 3
a: no special abilities


You were in the Dungeon.
You visited 1 branch

Inventory:

Hand Weapons
 a - a +0 rapier (weapon)
Armour
 b - a +0 robe (worn)
 c - a +0 buckler (worn)
Scrolls
 j - a scroll of blinking
Potions
 d - a potion of might
 e - a potion of curing
 f - a potion of heal wounds
 h - 2 potions of magic


   Skills:
 + Level 3.2 Fighting
 + Level 4.6 Short Blades
 + Level 6.3 Dodging
 * Level 8.4 Stealth
 + Level 3.6 Shields
 * Level 5.2 Invocations


You had 4 spell levels left.
You didn't know any spells.
Your spell library was empty.

Dungeon Overview and Level Annotations

Branches:
Dungeon (1/1)

Altars:


Innate Abilities, Weirdness & Mutations

You are very small and have problems with some larger weapons.
You are too small for most types of armour.
You have supernaturally acute eyesight. (SInv)
You cover ground extremely quickly. (Speed+++)


Message History

Your Stealth skill increases to level 7!
Your Invocations skill increases to level 4!
You have reached level 4!
Unknown command.
You closely miss the howler monkey.
You feel sick.
The howler monkey hoots and howls with incredible vigour!
You puncture the howler monkey!
The howler monkey is heavily wounded.
You feel sick.
You are no longer poisoned.
You puncture the howler monkey!
The howler monkey is almost dead.
The howler monkey hits you.
* * * LOW HITPOINT WARNING * * *
You puncture the howler monkey!
You kill the howler monkey!
Your Fighting skill increases to level 3!
Your Stealth skill increases to level 8!
Your Invocations skill increases to level 5!
You have reached level 5!
You feel clever.
Unknown command.
You block the orc's attack.
There is an open door, spattered with blood here.
You see here a scorpion corpse.
You puncture the orc!
You kill the orc!
You miss the adder. The adder barely misses you.
You hit the adder.
The adder is heavily wounded.
The adder bites you.
* * * LOW HITPOINT WARNING * * *
You are lethally poisoned!
The adder poisons you!
You closely miss the adder.
The adder is heavily wounded.
You are no longer berserk.
You are exhausted.
You feel yourself slow down.
You die... ▓▓▓▓▓▓▓▓▓▓▓▓▓▓▓▓▓▓ +....S@...)÷'...<▓ ▓▓▓▓▓▓▓▓▓▓▓▓▓▓▓▓▓▓

You could see an adder.

Vanquished Creatures
  2 scorpions (D)
  A howler monkey (D)
  An orc (D)
  A hobgoblin (D)
  A kobold (D)
  A quokka (D)
  A ball python (D)
  A rat (D)
9 creatures vanquished.

Notes
Turn   | Place    | Note
-------+----------+-------------------------------------------
     0 | D        | Groucho the Spriggan Fighter began the quest for the Orb.
     0 | D        | Reached XP level 1. HP: 11/11 MP: 2/2
    13 | D        | Reached skill level 1 in Stealth
    14 | D        | Reached skill level 1 in Invocations
    15 | D        | Reached skill level 2 in Stealth
   370 | D        | Noticed a howler monkey
   370 | D        | Noticed a scorpion
   370 | D        | Noticed a scorpion
   376 | D        | Killed a scorpion
   377 | D        | Reached skill level 5 in Dodging
   377 | D        | Reached skill level 6 in Stealth
   377 | D        | Reached XP level 2. HP: 7/16 MP: 3/5
   377 | D        | Reached XP level 3. HP: 9/19 MP: 3/6
   380 | D        | Killed a scorpion
   381 | D        | Reached skill level 7 in Stealth
   381 | D        | Reached XP level 4. HP: 8/23 MP: 3/8
   385 | D        | Reached skill level 8 in Stealth
   385 | D        | Reached skill level 5 in Invocations
   385 | D        | Reached XP level 5. HP: 6/28 MP: 3/9
   388 | D        | HP: 2/42 [adder (4)]
   389 | D        | Succumbed to an adder's poison

Illustrated notes

Levels and vault maps discovered:
D:        linesprint [early_d, line_temple, items_1, d_10, items_2, lair_1,
          lair_end, items_3, orc_1, orc_end, items_4, d_15, swamp_1, shoals_1,
          snake_1, spider_1, d_20, vaults_1, items_5, swamp_end, shoals_end,
          snake_end, spider_end, vaults_end, d_27, items_6, zot_1, zot_end,
          crypt_end, forest_end, elf_end, slime_end, tomb_end, abyss_end,
          pan_hell_end]

Skill      XL: |  1  2  3  4 |
---------------+-------------+-----
Stealth        | 6 7 8 |  8.4
Invocations    | 3 4 5 |  5.2
Short Blades   | 3 4 |  4.6
Dodging        | 5 6 |  6.3
Shields        | 3 |  3.6
Fighting       | 3 |  3.2

Action                   |  1- 3 |  4- 6 || total
-------------------------+-------+-------++-------
Melee: Rapier            |    24 |     8 ||    32
  Use: Potion            |     2 |       ||     2
Armor: Robe              |     1 |       ||     1
Dodge: Dodged            |    13 |     1 ||    14
Block: Buckler           |     4 |     1 ||     5
